 Dungeon Sprint DCSS version 0.27-a0-1512-g99fd57bada (webtiles) character file.

Game seed: 13559954362253172487

1191 Conn the Arsonist (level 8, -15/50 HPs)
             Began as an Octopode Fire Elementalist on July 9, 2021.
             Was an Initiate of Sif Muna.
             Shot with a bolt by a yaktaur (33 damage)
             ... while paralysed by a hornet
             ... in the Dungeon (Sprint II: "The Violet Keep of Menkaure").
             The game lasted 00:10:40 (870 turns).

Conn the Arsonist (Octopode Fire Elementalist)       Turns: 870, Time: 00:10:41

Health: -15/50     AC:  1    Str:  7    XL:     8   Next: 43%
Magic:  8/20       EV:  2    Int: 19    God:    Sif Muna [......]
Gold:   776        SH:  0    Dex: 13    Spells: 7/23 levels left

rFire    . . .     SeeInvis .   (no weapon)
rCold    . . .     Faith    .   (no shield)
rNeg     . . .     Spirit   .   (helmet restricted)
rPois    .         Reflect  .   (no amulet)
rElec    .         Harm     .   (no ring)
rCorr    .         Rampage  .   (no ring)
Will     .....     NoTele   +   (no ring)
Stlth    ++++......             (no ring)
HPRegen  0.16/turn              (no ring)
MPRegen  0.17/turn              (no ring)
                                (no ring)
                                (no ring)

@: paralysed
A: almost no armour, amphibious, 8 rings, camouflage 1, gelatinous body 1,
(nimble swimmer 1), tentacles
a: Renounce Religion


You were in the Dungeon.
You worshipped Sif Muna.
Sif Muna was noncommittal.
You visited 1 branch You collected 972 gold pieces.
You spent 196 gold pieces at shops.

Inventory:

Wands
 c - a wand of mindburst (6)
Scrolls
 f - a scroll of blinking
Potions
 a - a potion of curing
 b - a potion of lignification
 d - 2 potions of magic
 e - a potion of heal wounds


   Skills:
 + Level 2.1 Fighting
 + Level 5.3 Dodging
 + Level 5.6 Stealth
 * Level 8.3 Spellcasting
 * Level 6.6 Conjurations
 * Level 12.8 Fire Magic
 + Level 1.2 Evocations


You had 7 spell levels left.
You knew the following spells:

 Your Spells              Type           Power      Damage    Failure   Level
a - Foxfire               Conj/Fire      100%       2x1d9     1%          1
b - Conjure Flame         Conj/Fire      44%        6-21      1%          3
c - Inner Flame           Hex/Fire       32%        N/A       1%          3
d - Sticky Flame          Conj/Fire      44%        2d6       1%          4
e - Fireball              Conj/Fire      22%        3d10      4%          5

Your spell library contained the following spells:

 Spells                   Type           Power      Damage    Failure   Level


Dungeon Overview and Level Annotations

Branches:
Dungeon (1/1)

Altars:
Cheibriados
Dithmenos
Elyvilon
Fedhas
Gozag
Hepliaklqana
Kikubaaqudgha
Makhleb
Nemelex Xobeh
Okawaru
Qazlal
Ru
Sif Muna
Trog
Uskayaw
Vehumet
Wu Jian
Xom
Yredelemnul
Zin
The Shining One
Beogh
Jiyva
Lugonu

Shops:
D =*:?!*[*=[(=:!?

Annotations:
D exclusion: oklob plant


Innate Abilities, Weirdness & Mutations

You cannot wear most types of armour.
You are amphibious.
You can wear up to eight rings at the same time.
Your skin changes colour to match your surroundings (Stealth+).
Your rubbery body absorbs attacks. (AC +1, EV +1)
((You are camouflaged near water. (Stealth+)))
You have tentacles for arms and can constrict up to eight enemies at once.


Message History

The polar bear burns!
The polar bear is engulfed in blazing flames.
The polar bear barely misses you. The polar bear claws you. x2
Casting: Sticky Flame (dangerous; 1% risk of failure)
Confirm with . or Enter, or press ? or * to list all spells.
Okay, then.
Unknown command.
Casting: Sticky Flame (dangerous; 1% risk of failure)
Confirm with . or Enter, or press ? or * to list all spells.
You conjure some foxfire!
The polar bear burns!
The polar bear is engulfed in blazing flames.
The foxfire hits the polar bear but does no damage.
The polar bear is severely wounded.
The polar bear burns!
The foxfire hits the polar bear.
The polar bear is severely wounded.
The hornet is engulfed in a cloud of scalding steam.
Unknown command.
Casting: Foxfire (safe; 1% risk of failure)
Confirm with . or Enter, or press ? or * to list all spells.
Aiming: Sticky Flame (dangerous; 1% risk of failure)
Press: ? - help, Shift-Dir - straight line, f - hornet, p - polar bear
Aim: a hornet (flame, lightly wounded, 100% to hit)
The sticky flame hits the hornet.
The hornet is moderately wounded.
The hornet is covered in liquid flames!
The hornet burns!
The polar bear burns!
The hornet is engulfed in blazing flames.
The hornet barely misses you.
The hornet is engulfed in blazing flames.
The hornet stings you!
You suddenly lose the ability to move!
The polar bear goes berserk!
The hornet burns!
The polar bear burns!
The hornet is engulfed in blazing flames.
You kill the hornet!
Sif Muna accepts your kill. The polar bear bites you. The polar bear claws you.
The polar bear claws you but does no damage.
The yaktaur wields a +3 arbalest.
The yaktaur shoots a bolt.
The bolt hits you!!
Ouch! That really hurt!
You die...

##..# ...# ...# .#.####..##
#^.# $# ()! #'###.##..#
+.^# .#▓)?[$! #.##...#..#
#..# .#▓$:?$[$
.<.).#.'..### ..##.#▓$!$!($
#.##...#.§..###.h.##▓▓▓▓▓▓▓
#'###.##....§.≈≈hc≈≈≈≈≈≈≈≈≈
#.#####≈≈.....§#§########+#
.#..#≈≈≈≈≈≈≈§.≈#@h._._..#≈§
.#.##≈§≈≈≈≈≈≈.≈#.._._._.#≈§
#'##≈≈≈≈≈§≈≈≈§§#._._._._#§§
≈≈≈≈≈≈§≈§§§≈≈§≈#_._._._.#§§
+#+++#≈≈§≈≈≈§≈≈#._._._..#§≈
§°§○ # ≈≈≈###≈≈#_._._...#≈S
≈°≈○○. #≈§#._._....#≈§
≈°○≈≈≈.+ #§≈#_._.....#≈§
≈z§○≈≈## ≈≈≈≈##########≈§


You could see 3 polar bears and a yaktaur.

Vanquished Creatures
  A merfolk siren (D)
  A hornet (D)
  A vampire mosquito (D)
  Menkaure (D)
  4 necrophages (D)
  4 scorpions (D)
  3 worms (D)
15 creatures vanquished.

Vanquished Creatures (others)
  A water moccasin (D)
  32 foxfires (D)
33 creatures vanquished.

Grand Total: 48 creatures vanquished

Notes
Turn   | Place    | Note
-------+----------+-------------------------------------------
     0 | D        | Conn the Octopode Fire Elementalist began the quest for the
                  | Orb.
     0 | D        | Reached XP level 1. HP: 11/11 MP: 3/3
     1 | D        | Noticed a necrophage
     1 | D        | Noticed a necrophage
     1 | D        | Noticed a necrophage
     1 | D        | Noticed a necrophage
    10 | D        | Killed a necrophage
    11 | D        | Reached skill level 6 in Fire Magic
    11 | D        | Reached XP level 2. HP: 2/18 MP: 3/6
    11 | D        | Reached XP level 3. HP: 2/22 MP: 4/8
    11 | D        | Reached XP level 4. HP: 3/27 MP: 4/9
    14 | D        | Killed a necrophage
    15 | D        | Reached skill level 1 in Fighting
    15 | D        | Reached skill level 8 in Fire Magic
    15 | D        | Reached XP level 5. HP: 4/33 MP: 4/12
    16 | D        | HP: 1/49 [necrophage (3)]
    20 | D        | Killed a necrophage
    21 | D        | Reached skill level 5 in Spellcasting
    21 | D        | Reached skill level 9 in Fire Magic
    21 | D        | Reached XP level 6. HP: 2/38 MP: 4/14
    29 | D        | Killed a necrophage
    30 | D        | Reached skill level 10 in Fire Magic
    34 | D        | Killed a water moccasin
    38 | D        | Found Leit's Distillery.
    38 | D        | Found Arer Roi's Jewellery Shop.
    38 | D        | Found Hyuso's Jewellery Boutique.
    38 | D        | Found Tivacin's Antique Armour Boutique.
    38 | D        | Found Sefufiwk's Assorted Antiques.
    39 | D        | Found Cirphas's Magic Scroll Shop.
    39 | D        | Found Nedd's Antique Weapon Shop.
    39 | D        | Found Suoqud's Antique Armour Shop.
    40 | D        | Found Cuv Viur's Book Boutique.
    40 | D        | Found Ruvas's Assorted Antiques.
    44 | D        | Found Folyduge's Distillery.
    44 | D        | Found Wewocoukk's Magic Scroll Boutique.
    44 | D        | Noticed Menkaure
    44 | D        | Noticed a wyvern
    44 | D        | Noticed a wyvern
    44 | D        | Noticed an oklob plant
    45 | D        | Found Ecad's General Store.
    45 | D        | Found Fowacost's Jewellery Boutique.
    45 | D        | Found Ekiuz's Book Shoppe.
    47 | D        | Noticed a yak
    48 | D        | Noticed a yak
    48 | D        | Noticed a yak
    51 | D        | Bought a potion of lignification for 33 gold pieces
    54 | D        | Bought a worn bronze wand for 108 gold pieces
    54 | D        | Noticed a manticore
    55 | D        | Noticed a manticore
   250 | D        | Noticed a manticore
   252 | D        | Bought a potion of heal wounds for 55 gold pieces
   263 | D        | Learned a level 3 spell: Conjure Flame
   267 | D        | Learned a level 3 spell: Inner Flame
   272 | D        | Learned a level 4 spell: Sticky Flame
   278 | D        | Learned a level 5 spell: Fireball
   287 | D        | Killed Menkaure
   288 | D        | Reached skill level 5 in Conjurations
   288 | D        | Reached skill level 11 in Fire Magic
   288 | D        | Reached XP level 7. HP: 44/44 MP: 9/16
   431 | D        | Reached skill level 5 in Stealth
   554 | D        | Noticed a flying skull
   554 | D        | Noticed a flying skull
   555 | D        | Noticed a flying skull
   556 | D        | Noticed a flying skull
   556 | D        | Noticed a flying skull
   556 | D        | Noticed a flying skull
   556 | D        | Noticed a flying skull
   562 | D        | Noticed a vampire mosquito
   566 | D        | Killed a vampire mosquito
   567 | D        | Reached skill level 5 in Dodging
   567 | D        | Reached skill level 12 in Fire Magic
   728 | D        | Noticed a merfolk siren
   748 | D        | Killed a merfolk siren
   749 | D        | Reached skill level 1 in Evocations
   749 | D        | Reached XP level 8. HP: 41/50 MP: 1/20
   809 | D        | Found a glowing silver altar of Zin.
   809 | D        | Found a radiant altar of Vehumet.
   810 | D        | Found a glowing golden altar of the Shining One.
   810 | D        | Found a basalt altar of Yredelemnul.
   810 | D        | Found a hide-covered altar of Uskayaw.
   811 | D        | Found a shimmering altar of Xom.
   811 | D        | Found a bloodstained altar of Trog.
   811 | D        | Found a burning altar of Makhleb.
   812 | D        | Found an ornate altar of the Wu Jian Council.
   812 | D        | Found a shimmering blue altar of Sif Muna.
   812 | D        | Found a corrupted altar of Lugonu.
   813 | D        | Found a sacrificial altar of Ru.
   813 | D        | Found an ancient bone altar of Kikubaaqudgha.
   813 | D        | Found a white marble altar of Elyvilon.
   814 | D        | Found a stormy altar of Qazlal.
   814 | D        | Found a viscous altar of Jiyva.
   814 | D        | Found a shadowy altar of Dithmenos.
   815 | D        | Found a hazy altar of Hepliaklqana.
   815 | D        | Found a snail-covered altar of Cheibriados.
   817 | D        | Found a sparkling altar of Nemelex Xobeh.
   817 | D        | Found a blossoming altar of Fedhas.
   817 | D        | Noticed a hornet
   817 | D        | Noticed a polar bear
   818 | D        | Found an opulent altar of Gozag.
   818 | D        | Found an iron altar of Okawaru.
   818 | D        | Noticed a yaktaur
   821 | D        | Became a worshipper of Sif Muna the Loreminder
   859 | D        | Noticed a polar bear
   859 | D        | Noticed a polar bear
   869 | D        | Paralysed by a hornet for 2 turns
   870 | D        | Killed a hornet
   870 | D        | Shot with a bolt by a yaktaur

Illustrated notes

Levels and vault maps discovered:
D:        the_violet_keep_of_menkaure [sprint2_stairs_cluster_1,
          sprint2_shoproom, sprint2_temple, sprint2_basic_supplies,
          sprint2_obstacle_1, sprint2_obstacle_6, sprint2_obstacle_4,
          sprint2_obstacle_3, sprint2_obstacle_5, sprint2_timed_cluster_1,
          sprint2_smallroom_cluster_1, sprint2_smallroom_final_cluster_1,
          sprint2_transparent_cluster_1, sprint2_second_timed_cluster_1,
          sprint2_sniper_area_1, sprint2_heavy_combat_area_1,
          sprint2_mutation_trap_area_1, sprint2_forest_area_1,
          sprint2_light_combat_area_1, sprint2_behind_water_1,
          sprint2_near_end_vault_1]

Skill      XL: |  1  2  3  4  5  6  7 |
---------------+----------------------+-----
Dodging        | 3 4 5 |  5.3
Stealth        | 3 4 5 |  5.6
Spellcasting   | 3 4 5 6 8 |  8.3
Conjurations   | 2 3 4 5 6 |  6.6
Fire Magic     | 6 8 9 11 12 | 12.8
Fighting       | 1 2 |  2.1
Evocations     | 1 |  1.2

Action                   |  1- 3 |  4- 6 |  7- 9 || total
-------------------------+-------+-------+-------++-------
Melee: Unarmed           |     7 |    10 |     6 ||    23
       Constrict         |     1 |     3 |     1 ||     5
       Tentacles         |     1 |       |     1 ||     2
 Cast: Foxfire           |       |     4 |    15 ||    19
       Sticky Flame      |       |     1 |     7 ||     8
       Conjure Flame     |       |       |     4 ||     4
       Fireball          |       |       |     3 ||     3
Evoke: Wand              |       |       |    10 ||    10
  Use: Potion            |     2 |     1 |       ||     3
Armor: Skin              |       |     1 |     2 ||     3
Dodge: Dodged            |     1 |     7 |    13 ||    21

Table legend: (Time is in decaauts)
 A = Elapsed time spent in this place.
 B = Non-inter-level travel time spent in this place.
 C = Inter-level travel time spent in this place.
 D = Time resting spent in this place.
 E = Time spent auto-exploring this place.
 F = Levels seen in this place.
 G = Mean time per level.
                   A        B        C        D        E       F      G
               +--------+--------+--------+--------+--------+-----+--------+
         Total |    860 |    860 |      0 |    570 |      0 |   1 |  860.0 |
       Dungeon |    860 |    860 |      0 |    570 |      0 |   1 |  860.0 |
               +--------+--------+--------+--------+--------+-----+--------+

Top non-repeatable levels by time:
       D: 860 daAuts
